Unix NetHack Version 5.0.0-0 post-release - last build May 30 2026 05:04:26 (55804bc15828dd6e32e9076e0726aa6fccb6e981,branch:main).

Game began 2026-05-31 01:36:50, ended 2026-05-31 01:37:17.

JPB01, chaotic male elven Wizard

                                      -------
                                      |@.....
                                      |.f...|
                                      +.`.$.|
                                      -------

JPB01 the Evoker          St:10 Dx:11 Co:14 In:19 Wi:11 Ch:10  Chaotic
Dlvl:1  $:0  HP:0(11) Pw:8(8) AC:9  Xp:1 T:1 

Latest messages:
 Shall I pick character's race, role, gender and alignment for you? [ynaq] n
 [Anhur has chosen you to recover the Amulet of Yendor for Him.]
 Hello JPB01, welcome to NetHack!  You are a chaotic male elven Wizard.
 You are lucky!  Full moon tonight.
 What do you want to read? [ijklm or ?*] ?
 As you read the scroll, it disappears.
 What class of monsters do you want to genocide? 
 Type letter (or punctuation) or name used for a class of monsters or 'none'.
 What class of monsters do you want to genocide? [enter the symbol or name representing a class, or '?'] @
 You aren't permitted to genocide humans.
 You aren't permitted to genocide wererats.
 You aren't permitted to genocide werejackals.
 You aren't permitted to genocide werewolves.
 Wiped out all elves.
 You die.
 Wiped out all Woodland-elves.
 Wiped out all Green-elves.
 Wiped out all Grey-elves.
 Wiped out all elf-nobles.
 Wiped out all elven monarchs.
 Wiped out all doppelgangers.
 Wiped out all soldiers.
 Wiped out all sergeants.
 Wiped out all nurses.
 Wiped out all lieutenants.
 Wiped out all captains.
 Wiped out all watchmen.
 Wiped out all watch captains.
 Wiped out all wizards.
 Do not pass Go.  Do not collect 200 zorkmids.
 Do you want your possessions identified? [ynq] (y) q

Inventory:
 Weapons  (')')
  a - a blessed +1 quarterstaff (weapon in hands)
 Armor    ('[')
  b - an uncursed +0 cloak of magic resistance (being worn)
 Scrolls  ('?')
  j - an uncursed scroll of destroy armor
  i - an uncursed scroll of gold detection
 Spellbooks  ('+')
  l - a blessed spellbook of force bolt
  m - an uncursed spellbook of wizard lock
 Potions  ('!')
  h - an uncursed potion of object detection
  g - a blessed potion of restore ability
  f - an uncursed potion of water
 Rings    ('=')
  e - a blessed +3 ring of gain strength
  d - an uncursed ring of poison resistance
 Wands    ('/')
  c - a wand of magic missile (0:4)
 Tools    ('(')
  o - an uncursed tooled horn
  n - a magic marker (0:20)

JPB01 the Wizard's attributes:

Background:
 You were an Evoker, a level 1 male elven Wizard.
 You were chaotic, on a mission for Anhur
 who was opposed by Ptah (lawful) and Thoth (neutral).
 You were right-handed.
 You were in the Dungeons of Doom, on level 1.
 You had just started your adventure.
 It was nighttime.
 There was a full moon in effect when your adventure ended.
 You had 0 experience points, 20 were needed to attain level 2.

Basics:
 You had 0 out of 11 hit points.
 You had all 8 energy points (spell power).
 Your armor class was 9.
 Your wallet was empty.
 Autopickup was off.

Final Characteristics:
 Your strength was 10 (limit:18).
 Your dexterity was 11 (limit:18).
 Your constitution was 14 (limit:16).
 Your intelligence was 19 (limit:20).
 Your wisdom was 11 (limit:20).
 Your charisma was 10 (limit:18).

Final Status:
 You weren't hungry.
 You were unencumbered.
 You were wielding a quarterstaff.
 You had basic skill with quarterstaff.

Final Attributes:
 You were nominally aligned.
 You were magic-protected.
 You had infravision.
 You were warded.
 You were lucky.
 You are dead.

Miscellaneous:
 You disabled loading and storing of bones levels.
 Total elapsed playing time was 7 seconds.

Major events:
 Turn
    1: JPB01 the chaotic male elven Wizard entered the dungeon
    1: performed his first genocide (class @)
    1: killed by a scroll of genocide

Spells:
 Name                 Level Category     Fail Retention
 force bolt             1   attack         0%      100%
 wizard lock            2   matter        46%      100%

Skills:
 Fighting Skills
   bare handed combat [Unskilled]
   riding             [Unskilled]
 Weapon Skills
   dagger             [Unskilled]
   knife              [Unskilled]
   axe                [Unskilled]
   short sword        [Unskilled]
   club               [Unskilled]
   mace               [Unskilled]
   quarterstaff       [Basic]
   polearms           [Unskilled]
   spear              [Unskilled]
   trident            [Unskilled]
   sling              [Unskilled]
   dart               [Unskilled]
   shuriken           [Unskilled]
 Spellcasting Skills
   attack spells      [Basic]
   healing spells     [Unskilled]
   divination spells  [Unskilled]
   enchantment spells [Basic]
   clerical spells    [Unskilled]
   escape spells      [Unskilled]
   matter spells      [Unskilled]

Voluntary challenges:
 Your character was rerolled 11 times.
 You went without food.
 You were an atheist.
 You never hit with a wielded weapon.
 You were a pacifist.
 You genocided 15 types of monsters.
 You never polymorphed an object.
 You never changed form.
 You used no wishes.

 The Dungeons of Doom:
    Level 1: <- You were here.
       Final resting place for
          you, killed by a scroll of genocide.


No creatures were vanquished.

Genocided species:
 captains
 nurses
 lieutenants
 watch captains
 wizards
 elven monarchs
 doppelgangers
 elf-nobles
 sergeants
 Grey-elves
 soldiers
 watchmen
 Green-elves
 Woodland-elves
 elves
15 species genocided.

Game over:
                       ----------
                      /          \
                     /    REST    \
                    /      IN      \
                   /     PEACE      \
                  /                  \
                  |      JPB01       |
                  |       0 Au       |
                  |   killed by a    |
                  |    scroll of     |
                  |     genocide     |
                  |                  |
                  |       2026       |
                 *|     *  *  *      | *
        _________)/\\_//(\/(/\)/\//\/|_)_______

Goodbye JPB01 the Wizard...

You were genocided in The Dungeons of Doom on dungeon level 1 with 0 points,
and 0 pieces of gold, after 1 move.
You were level 1 with a maximum of 11 hit points when you were genocided.

